Unix NetHack Version 3.7.0-88 Work-in-progress - last build Aug 1 2023 00:06:55 (6c2538ef3b57905bfe3a9f43e533da77bea2ed47,branch:master). Game began 2023-08-01 13:36:56, ended 2023-08-01 13:47:53. Arasaka, neutral female human Tourist ---------------- |....<.........| #-..............| #|...{..........| ##------.--------- ## ##### ## ## #### #### @ --------------|- s |....(.........| #### ##...............| # |..............| # ---------------- Arasaka the Rambler St:11 Dx:11 Co:13 In:17 Wi:9 Ch:18 Neutral Dlvl:4 $:891 HP:0(20) Pw:6(6) AC:10 Xp:2/26 T:1281 Latest messages: You put a scroll labeled TEMOV into the chest. You put a smoky potion into the chest. You put a green gem into the chest. Where do you want to travel to? (For instructions type a '?') You swap places with Behemoth. You swap places with Behemoth. You stop. Behemoth is in the way! Where do you want to travel to? (For instructions type a '?') The newt bites! Behemoth bites the newt. The newt is killed! You find a hidden door. The door opens. You swap places with Behemoth. You find a hidden passage. Behemoth bites the giant bat. The giant bat misses Behemoth. It bites the giant bat. It misses the giant bat. The giant bat bites! It bites the giant bat. The giant bat is killed! The cave spider bites! You miss the cave spider. The cave spider bites! You miss the cave spider. The cave spider bites! You miss the cave spider. The cave spider bites! You swap places with Behemoth. You stop waiting. Behemoth bites the cave spider. The cave spider misses Behemoth. You hear a jackal howling at the moon. You miss the cave spider. The cave spider bites! Behemoth misses the cave spider. You miss the cave spider. The cave spider bites! Behemoth misses the cave spider. You miss the cave spider. The cave spider bites! Behemoth misses the cave spider. Behemoth misses the cave spider. It misses the cave spider. You miss the cave spider. The cave spider bites! You die... Inventory: Coins ('$') $ - 891 gold pieces Weapons (')') a - 24 blessed +2 darts (at the ready) y - an uncursed +0 long sword (weapon in hand) Comestibles ('%') b - an uncursed cream pie u - an uncursed eucalyptus leaf d - 5 uncursed food rations s - an uncursed food ration c - 2 uncursed tripe rations e - an uncursed tin of candied kobold meat Scrolls ('?') h - 4 uncursed scrolls of magic mapping Potions ('!') g - a blessed potion of extra healing f - an uncursed potion of extra healing Rings ('=') r - an uncursed ring of searching Wands ('/') A - an uncursed wand of make invisible (0:4) Tools ('(') k - an uncursed credit card j - an uncursed expensive camera (0:94) m - an uncursed leash (attached to Behemoth) Arasaka the Tourist's attributes: Background: You were a Rambler, a level 2 female human Tourist. You were neutral, nominally on a mission for The Lady who was opposed by Blind Io (lawful) and Offler (chaotic). You were in the Dungeons of Doom, on level 4. You entered the dungeon 1281 turns ago. There was a full moon in effect when your adventure ended. You had 26 experience points, 14 more were needed to attain level 3. Basics: You had 0 out of 20 hit points. You had all 6 energy points (spell power). Your armor class was 10. Your wallet contained 891 zorkmids. Autopickup was on for '$"?' plus thrown, with exceptions. Final Characteristics: Your strength was 11 (limit:18/100). Your dexterity was 11 (limit:18). Your constitution was 13 (limit:18). Your intelligence was 17 (limit:18). Your wisdom was 9 (limit:18). Your charisma was 18 (limit:18). Final Status: You were not hungry. You were unencumbered. You were wielding a long sword. You were unskilled in long sword. You were not wearing any armor. Final Attributes: You had transgressed. You were lucky. You are dead. Miscellaneous: You disabled loading of bones levels. Total elapsed playing time was 10 minutes and 56 seconds. Major events: Turn 1: Arasaka the neutral female human Tourist entered the dungeon 975: entered the Gnomish Mines 1281: killed by a cave spider Vanquished creatures: a giant bat a gecko 3 jackals a fox a goblin a grid bug a bat 6 lichens 7 newts 22 creatures vanquished. No species were genocided or became extinct. Voluntary challenges: You were an atheist. You read items or engraved 2 times. You engraved Elbereth 1 time. You never genocided any monsters. You never polymorphed an object. You never changed form. You used no wishes. Achievements: You entered a shop. You entered the Gnomish Mines. The Dungeons of Doom: levels 1 to 4 Level 1: A grave. Level 2: A general store, a fountain. Level 3: Stairs down to The Gnomish Mines. Level 4: <- You were here. A fountain. Final resting place for you, killed by a cave spider. The Gnomish Mines: Level 4: Game over: ---------- / \ / REST \ / IN \ / PEACE \ / \ | Arasaka | | 891 Au | | killed by a cave | | spider | | | | | | 2023 | *| * * * | * _________)/\\_//(\/(/\)/\//\/|_)_______ Aloha Arasaka the Tourist... You died in The Dungeons of Doom on dungeon level 4 with 429 points, and 891 pieces of gold, after 1281 moves. You were level 2 with a maximum of 20 hit points when you died.